 Dungeon Crawl Stone Soup version 0.27-a0-679-g77a6b55cf3 (webtiles) character file.

Game seed: 8469508038241778422

2924 kae the Ruffian (level 9, -2/94 HPs)
             Began as a Naga Transmuter on Mar 18, 2021.
             Was a Believer of Cheibriados.
             Slain by a bullfrog (7 damage)
             ... on level 8 of the Dungeon.
             The game lasted 00:08:45 (12068 turns).

kae the Ruffian (Naga Transmuter)                  Turns: 12068, Time: 00:08:46

Health: -2/94      AC:  3    Str: 19    XL:     9   Next: 79%
Magic:  11/15      EV: 11    Int: 24    God:    Cheibriados [**....]
Gold:   393        SH:  0    Dex: 16    Spells: 3/16 levels left

rFire    x . .     SeeInvis +     - Unarmed
rCold    + + +     Faith    .   (shield currently unavailable)
rNeg     . . .     Spirit   .   (armour currently unavailable)
rPois    +         Reflect  .   (helmet currently unavailable)
rElec    .         Harm     .   (cloak currently unavailable)
rCorr    .         Rampage  .   (gloves currently unavailable)
Will     +....                  (no barding)
Stlth    +++.......             (no amulet)
HPRegen  0.25/turn              c - ring of wizardry
MPRegen  0.14/turn              f - +6 ring of intelligence

@: brilliant, about to teleport, ice-form, corroded, very slow
A: freezing attack, amphibious, boosted hp, AC +3, large, see invisible,
(deformed body), (poison resistance), (slowness 2), spit poison 1, (naga tail 1)
a: Spit Poison, End Transformation, Renounce Religion, Bend Time


You were on level 8 of the Dungeon.
You worshipped Cheibriados.
Cheibriados was pleased with you.
You were a creature of crystalline ice.
You visited 2 branches of the dungeon, and saw 9 of its levels.

You collected 393 gold pieces.

Inventory:

Hand Weapons
 j - the +6 great mace "Taux" (melded) {holy, *Corrode rF++ Will+ Stlth+}
   (You found it on level 3 of the Dungeon)

   It has been blessed by the Shining One to cause great damage to the undead
   and demons.
   It greatly protects you from fire.
   It affects your willpower, your defense against some magical effects.
   It may corrode you when you take damage.
   It makes you more stealthy.
Armour
 a - a +1 robe (melded)
Jewellery
 c - a ring of wizardry (right front paw)
 f - a +6 ring of intelligence (left front paw)
 m - a ring of positive energy
 s - a ring of ice
 u - a ring of resist corrosion
Wands
 q - a wand of flame (12)
 v - a wand of acid (6)
 w - a wand of paralysis (3)
Scrolls
 h - a scroll of immolation
 i - 3 scrolls of vulnerability
 l - 4 scrolls of teleportation
 p - 3 scrolls of brand weapon
 t - a scroll of enchant weapon
 x - a scroll of torment {unknown}
Potions
 b - 3 potions of haste
 d - 2 potions of mutation
 e - 4 potions of degeneration
 g - 6 potions of lignification
 k - a potion of brilliance
 n - a potion of attraction {unknown}
 r - 2 potions of cancellation


   Skills:
 + Level 4.4 Fighting
 + Level 3.9 Dodging
 + Level 4.2 Stealth
 * Level 7.0 Unarmed Combat
 + Level 4.3 Spellcasting
 * Level 6.6 Transmutations
 - Level 3.0 Ice Magic
 * Level 4.3 Invocations


You had 3 spell levels left.
You knew the following spells:

 Your Spells              Type           Power      Damage    Failure   Level
a - Beastly Appendage     Tmut           100%       N/A       1%          1
b - Spider Form           Tmut/Pois      15%        N/A       3%          3
c - Ice Form              Ice/Tmut       42%        N/A       5%          4
d - Blade Hands           Tmut           26%        N/A       7%          5

Your spell library contained the following spells:

 Spells                   Type           Power      Damage    Failure   Level
 Passwall                 Tmut/Erth      25%        N/A       1%          2
 Wereblood                Tmut           53%        N/A       1%          2
 Magic Dart               Conj           28%        1d4       4%          1
 Sandblast                Erth           14%        2d6       4%          1
 Blink                    Tloc           N/A        N/A       6%          2
 Call Imp                 Summ           7%         N/A       6%          2
 Slow                     Hex            7%         N/A       6%          2
 Conjure Flame            Conj/Fire      7%         6-21      12%         3
 Mephitic Cloud           Conj/Pois/Air  7%         N/A       12%         3
 Stone Arrow              Conj/Erth      14%        3d7       12%         3
 Petrify                  Tmut/Erth      31%        N/A       10%         4
 Lee's Rapid Deconstruct  Erth           3%         3d6*      67%         5


Dungeon Overview and Level Annotations

Branches:
Dungeon (8/15)             Temple (1/1) D:5
   Lair: D:8-11

Altars:
Ashenzari
Cheibriados
Dithmenos
Elyvilon
Fedhas
Gozag
Hepliaklqana
Kikubaaqudgha
Makhleb
Nemelex Xobeh
Okawaru
Qazlal
Ru
Sif Muna
Trog
Uskayaw
Vehumet
Wu Jian
Xom
Yredelemnul
Zin
The Shining One

Shops:
D:6 [

Annotations:
D:7 1 runed translucent door


Innate Abilities, Weirdness & Mutations

You are a creature of crystalline ice.
You have a powerful freezing melee attack.
You are amphibious.
Your maximum health is increased.
Your armour is entirely melded.
You are incapable of wielding weapons or throwing items.
((Your serpentine skin is tough. (AC +3)))
You have supernaturally acute eyesight. (SInv)
((Armour fits poorly on your strangely shaped body.))
((Your system is resistant to poisons. (rPois)))
((You cover ground very slowly.))
You can spit poison.
((You have a snake-like lower body.))


Message History

The bullfrog hits you!
The bullfrog hits you. x3; The bullfrog hits you!
The bullfrog hits you.
* * * LOW HITPOINT WARNING * * *
The bullfrog hits you.
* * * LOW HITPOINT WARNING * * *
The bullfrog hits you.
* * * LOW HITPOINT WARNING * * *
You are too injured to fight recklessly!
You are too injured to fight recklessly!
You are too injured to fight recklessly!
You are too injured to fight recklessly!
The bullfrog completely misses you. The bullfrog barely misses you.
The bullfrog closely misses you.
Your magical contamination has completely faded away.
It was a potion of brilliance.
You feel clever all of a sudden. The bullfrog hits you!
* * * LOW HITPOINT WARNING * * *
As you read the scroll of fear, it crumbles to dust.
You assume a fearsome visage.
The bullfrog resists with some effort. x2
The bullfrog looks frightened!
The bullfrog closely misses you. The bullfrog hits you.
* * * LOW HITPOINT WARNING * * *
As you read the scroll of teleportation, it crumbles to dust.
You feel strangely unstable. The bullfrog barely misses you.
Cornered, the bullfrog turns to fight!
Casting: Ice Form (dangerous; 5% risk of failure)
Confirm with . or Enter, or press ? or * to list all spells.
You feel a surge of power!
You turn into a creature of crystalline ice.
The +6 great mace "Taux" {holy, *Corrode rF++ Will+ Stlth+} melds into your body.
Your +1 robe melds into your body.
The +6 great mace "Taux" {holy, *Corrode rF++ Will+ Stlth+} stops glowing.
The bullfrog hits you but does no damage.
The bullfrog closely misses you. The bullfrog barely misses you.
You punch the bullfrog! You freeze the bullfrog.
The bullfrog is severely wounded.
The bullfrog hits you!
You die... #. #. #....## +.. +. #..#..# #..## #..##....# #### #....#### #...#...## ...# #......### #..##..#. ...#### #...Z..?# #..#.##. ...'..#... #ZSFF.#

#...#.# ...##.#...##.
###F## ###'###
...##.#...#..##.Y##.#
##..)..#
...##.#.....##.### .#
##..#.#..
...##.#....##.##
.###...#.##.
...##.#....#.##
#.#....#..#.
#####.#....#.#
#.#....#....
#####.#.#..'.#
#.'.##......
......#....#.#
#.#.##.....#
########...#.##
##.#....#....
...))......##.##
##.###..##....


You could see 3 bullfrogs and a hound skeleton.

Vanquished Creatures
  Pikel (D:6)
  A soldier ant (D:8)
  A water moccasin (D:6)
  An ice beast (D:4)
  2 sky beasts
  2 ogres
  4 centaurs
  2 lemures (D:6)
  3 phantoms
  Blork the orc (D:5)
  A water moccasin skeleton (D:8)
  2 scorpions
  A howler monkey (D:5)
  A bullfrog zombie (D:5)
  3 hounds (D:7)
  Crazy Yiuf (D:7)
  2 jellies
  A quasit (D:7)
  2 orc priests (D:7)
  3 bullfrog skeletons
  An iguana (D:7)
  Terence (D:3)
  4 worker ants
  5 orc wizards
  A killer bee zombie (D:7)
  A hound zombie (D:7)
  Robin (D:3)
  3 gnolls (D:3)
  15 adders
  2 shadow imps
  2 ufetubi
  2 oozes
  2 adder skeletons
  An adder zombie (D:6)
  3 worms
  2 dart slugs
  7 leopard geckos
  13 orcs
  A ball python (D:1)
  8 bats
  5 giant cockroaches
  18 goblins
  13 hobgoblins
  3 jackals
  10 kobolds
  5 quokkas
  3 frilled lizards
  A leopard gecko zombie (D:6)
  7 rats
175 creatures vanquished.

Vanquished Creatures (others)
  6 toadstools (D:4)
6 creatures vanquished.

Grand Total: 181 creatures vanquished

Notes
Turn   | Place    | Note
-------+----------+-------------------------------------------
     0 | D:1      | kae the Naga Transmuter began the quest for the Orb.
     0 | D:1      | Reached XP level 1. HP: 18/18 MP: 3/3
   148 | D:1      | Reached XP level 2. HP: 18/25 MP: 5/5
   707 | D:1      | Reached XP level 3. HP: 31/31 MP: 4/6
  1302 | D:2      | Learned a level 3 spell: Spider Form
  1955 | D:2      | Reached XP level 4. HP: 38/38 MP: 5/7
  2008 | D:2      | Found a glowing silver altar of Zin.
  2169 | D:2      | Found a broken altar of Ashenzari.
  2865 | D:2      | Found a shimmering blue altar of Sif Muna.
  2980 | D:3      | Noticed Terence
  2991 | D:3      | Killed Terence
  3308 | D:3      | Reached XP level 5. HP: 45/45 MP: 8/8
  3703 | D:3      | Noticed Robin
  3724 | D:3      | Killed Robin
  3752 | D:3      | Reached skill level 4 in Unarmed Combat
  4774 | D:3      | Identified the +6 great mace "Taux" {holy, *Corrode rF++
                  | Will+ Stlth+}
  5335 | D:4      | Reached XP level 6. HP: 40/52 MP: 10/10
  6359 | D:4      | Reached XP level 7. HP: 61/61 MP: 11/11
  6742 | D:4      | Found a sacrificial altar of Ru.
  6944 | D:5      | Entered Level 5 of the Dungeon
  6947 | D:5      | Found a white marble altar of Elyvilon.
  6948 | D:5      | Noticed Blork the orc
  6972 | D:4      | Reached skill level 5 in Unarmed Combat
  7555 | D:5      | Killed Blork the orc
  7928 | D:5      | Found a staircase to the Ecumenical Temple.
  8010 | D:5      | Reached skill level 5 in Transmutations
  8010 | D:5      | Reached XP level 8. HP: 69/69 MP: 11/13
  8477 | Temple   | Entered the Ecumenical Temple
  8598 | Temple   | Became a worshipper of Cheibriados the Contemplative
  8636 | D:5      | Learned a level 4 spell: Ice Form
  8642 | D:5      | Learned a level 5 spell: Blade Hands
  8776 | D:6      | Reached skill level 1 in Invocations
  8945 | D:6      | Found Takkuch's Antique Armour Boutique.
  8973 | D:6      | Reached skill level 1 in Stealth
  8973 | D:6      | Reached skill level 1 in Ice Magic
  9236 | D:6      | Noticed Pikel
  9243 | D:6      | Paralysed by Pikel for 5 turns
  9258 | D:6      | Killed Pikel
  9259 | D:6      | Reached skill level 6 in Unarmed Combat
  9343 | D:6      | Reached XP level 9. HP: 51/78 MP: 14/14
 10034 | D:7      | Reached * piety under Cheibriados
 10096 | D:7      | Found a runed translucent door.
 10097 | D:7      | Found a burning altar of Makhleb.
 10097 | D:7      | Noticed a sixfirhy
 10926 | D:7      | Found a runed translucent door.
 10927 | D:7      | Noticed Crazy Yiuf
 11182 | D:7      | Killed Crazy Yiuf
 11376 | D:8      | Reached ** piety under Cheibriados
 11829 | D:8      | Reached skill level 7 in Unarmed Combat
 12064 | D:8      | HP: 3/79 [bullfrog (4)]
 12068 | D:8      | Slain by a bullfrog

Illustrated notes

Levels and vault maps discovered:
D:1:      minmay_arrival_four_loops, layout_basic, minmay_tall_x
D:2:      layout_basic, lemuel_blue_sif_altar, evilmike_ruin_ashenzari,
          zin_academy, grunt_ministairs_13, chequers_serial_rivers_micro_a,
          minmay_tetromino_o4
D:3:      minmay_octagon_keep, layout_basic, kennysheep_generic_room_15,
          uniq_robin, uniq_terence
D:4:      layout_loops_ring, serial_co_window_serial, co_window_corner_a,
          co_window_paths_a, co_window_paths_a, co_window_corner_a,
          co_window_of_opportunity_a, co_window_broadway_c,
          co_window_unsneaky_path_b, co_window_corner_b,
          minmay_gold_behind_fungi, nicolae_ru_path_of_blood
D:5:      layout_cave_pools, temple_pool_b, kennysheep_donut, elyvilon_altar_5,
          uniq_blork_the_orc
D:6:      layout_rooms, serial_shops, shop_fountains, uniq_pikel
D:7:      layout_basic, nzn_makhleb_speed_demon, uniq_crazy_yiuf_cottage
D:8:      minmay_the_grid_octo_2x2 [minmay_the_grid_octo_vomiting_pacman,
          minmay_the_grid_octo_odd_swirl, minmay_the_grid_octo_tetromino_candy,
          minmay_the_grid_octo_prize_single_spiral], layout_basic, uniq_harold
Temple:   compressed_dpeg_circular_temple

Skill      XL: |  1  2  3  4  5  6  7  8  9 |
---------------+----------------------------+-----
Transmutations | 3 4 5 6 |  6.6
Dodging        | 2 3 |  3.9
Fighting       | 2 3 4 |  4.4
Unarmed Combat | 4 5 6 7 |  7.0
Spellcasting   | 3 4 |  4.3
Invocations    | 2 4 |  4.3
Stealth        | 2 4 |  4.2
Ice Magic      | 2 3 |  3.0

Action                   |  1- 3 |  4- 6 |  7- 9 || total
-------------------------+-------+-------+-------++-------
Melee: Unarmed           |    69 |   166 |   168 ||   403
       Headbutt          |     9 |     4 |     2 ||    15
       Punch             |       |     5 |       ||     5
       Great mace        |       |    21 |    51 ||    72
 Cast: Beastly Appendage |    17 |    24 |     9 ||    50
       Spider Form       |     2 |     9 |    16 ||    27
       Ice Form          |       |       |    18 ||    18
 Abil: Spit Poison       |    22 |    52 |     4 ||    78
  Use: Scroll            |     5 |       |    10 ||    15
       Potion            |     3 |       |     6 ||     9
 Stab: Sleeping          |       |     1 |     3 ||     4
       Distracted        |       |       |     1 ||     1
Armor: Robe              |    15 |    34 |    21 ||    70
       Skin              |     1 |     1 |    27 ||    29
Dodge: Dodged            |    44 |   141 |   160 ||   345

Table legend: (Time is in decaauts)
 A = Elapsed time spent in this place.
 B = Non-inter-level travel time spent in this place.
 C = Inter-level travel time spent in this place.
 D = Time resting spent in this place.
 E = Time spent auto-exploring this place.
 F = Levels seen in this place.
 G = Mean time per level.
                   A        B        C        D        E       F      G
               +--------+--------+--------+--------+--------+-----+--------+
         Total |  15014 |  14633 |    381 |   1460 |  11540 |   9 | 1668.2 |
       Dungeon |  14793 |  14494 |    299 |   1460 |  11403 |   8 | 1849.1 |
        Temple |    221 |    139 |     82 |      0 |    137 |   1 |  221.0 |
               +--------+--------+--------+--------+--------+-----+--------+

Top non-repeatable levels by time:
     D:4: 2827 daAuts
     D:3: 2690 daAuts
     D:7: 2104 daAuts
     D:1: 1863 daAuts
     D:2: 1648 daAuts
     D:6: 1477 daAuts
     D:8: 1214 daAuts
     D:5: 967 daAuts
  Temple: 221 daAuts
